Map: Terraform LE (Void)

Players

Llisus

  • Race: Zerg Zerg

Cobalto - Winner!

  • Race: Terran Terran
  • League: Grandmaster

VOD

Have the link to the VOD?

Description

Time

  • Played on: Sept. 25, 2015, 4:56 p.m.
  • Length: 11:26
Show
View Real Time Build Order
Export as new Build Order

Llisus Zerg 

Build Orders: Pool First, Zergling Baneling 

Get SALT Encoding   

  12  0:03  Drone  
  13  0:14  Drone  
  14  0:24  Overlord  
  14  0:42  Drone x2  
  16  0:43  Drone  
  17  0:50  Spawning Pool  
  16  1:43  Zergling x6  
  16  1:46  Queen  
  21  2:19  Zergling x2  
  21  2:20  Overlord  
  21  2:21  Overlord  
  22  2:49  Zergling x4  
  24  3:04  Hatchery  
  23  3:09  Extractor  
  22  3:15  Extractor  
  21  3:33  Overlord  
  21  3:34  Zergling x2  
  21  3:35  Zergling x10  
  27  4:03  Drone x2  
  29  4:10  Baneling Nest  
  29  4:16  Drone  
  28  4:41  Drone x3  
  28  4:43  Queen  
  33  4:52  Drone x4  
  37  4:53  Drone  
  37  4:58  Baneling x5  
  37  4:59  Baneling x4  
  38  5:00  Baneling x3  
  38  5:06  Zergling x2  
  41  5:07  Zergling x8  
  41  5:08  Overlord  
  43  5:29  Overlord x2  
  43  5:31  Zergling x4  
  43  5:32  Zergling x6  
  43  5:33  Metabolic Boost  
  48  5:40  Zergling x4  
  50  5:47  Roach Warren  
  49  5:56  Drone  
  48  6:08  Hatchery  
  39  6:14  Spore Crawler  
  39  6:15  Spore Crawler  
  29  7:01  Spore Crawler  
  28  7:11  Spawning Pool  
  4  7:56  Drone x3  
  7  7:59  Drone  
  8  8:18  Drone  
Show
View Real Time Build Order
Export as new Build Order

Cobalto Terran - Winner!

Build Orders: Banshee Rush 

Get SALT Encoding   

  12  0:01  SCV  
  13  0:13  SCV  
  14  0:21  Supply Depot  
  14  0:25  SCV  
  15  0:29  Refinery  
  15  0:46  Barracks  
  15  0:48  SCV  
  16  1:00  SCV, Refinery  
  17  1:12  SCV  
  18  1:24  SCV  
  19  1:34  Marine  
  21  1:40  Factory  
  21  1:43  Orbital Command  
  20  1:51  Supply Depot  
  20  1:53  Marine  
  21  2:11  Supply Depot, SCV  
  22  2:24  SCV  
  22  2:26  Marine  
  22  2:29  Bunker  
  24  2:33  Factory Tech Lab  
  24  2:43  Starport  
  23  2:46  SCV  
  24  2:54  Marine  
  24  2:58  SCV  
  26  3:10  SCV  
  26  3:12  Marine  
  28  3:22  SCV  
  26  3:35  Factory Tech Lab  
  26  3:41  Banshee  
  26  3:43  Cloaking Field  
  29  3:53  SCV  
  30  4:00  Bunker  
  30  4:05  SCV, Siege Tank  
  34  4:13  Supply Depot  
  34  4:17  SCV  
  35  4:24  Banshee  
  35  4:28  Marine  
  39  4:35  SCV  
  39  4:37  Siege Tank  
  43  4:46  Marine  
  43  4:47  SCV  
  45  4:59  SCV  
  46  5:01  Supply Depot  
  46  5:04  Marine  
  47  5:22  Banshee, Marine  
  47  5:27  Command Center  
  51  5:33  Supply Depot  
  51  5:34  Armory  
  51  5:40  SCV, Marine  
  53  5:52  SCV  
  54  5:58  Marine  
  55  6:04  SCV  
  55  6:05  Banshee  
  59  6:16  Marine  
  60  6:27  Siege Tank, Unknown  
  63  6:39  SCV  
  64  6:45  Liberator  
  64  6:51  SCV  
  65  6:55  Supply Depot  
  65  6:57  Supply Depot  
  65  6:59  Supply Depot, Siege Tank, Orbital Command  
  65  7:00  Supply Depot  
  68  7:03  SCV  
  72  7:16  SCV  
  73  7:28  SCV  
  74  7:39  Barracks  
  74  7:40  SCV  
  75  7:46  Command Center  
  75  7:52  SCV  
  75  7:55  Liberator  
  76  8:03  Siege Tank  
  76  8:04  SCV  
  83  8:35  Siege Tank  
  83  9:27  Refinery  
  83  9:29  Refinery  
Tags
 
Add a new tag
Caveats
  • Supply blocks, unpowered buildings, or Contaminate may cause inaccurate times.
  • Supply counts are checked every 10 seconds.